[Event "*** Titled Tuesday Blitz"]
[Site "Chess.com"]
[Date "2020.11.03"]
[Round "5"]
[White "elisak43"]
[Black "szefru"]
[Result "1-0"]
[WhiteElo "2493"]
[BlackElo "2280"]
[TimeControl "180+1"]
[EndTime "10:59:54 PST"]
[Termination "elisak43 won by resignation"]

1. e4 Nf6 2. e5 Nd5 3. c4 Nb6 4. c5 Nd5 5. Nc3 Nxc3 6. dxc3 g6 7. Nf3 Bg7 8. h4 h5 9. Bc4 O-O 10. g4 hxg4 11. Ng5 d5 12. cxd6 exd6 13. h5 Bf5 14. hxg6 Bxg6 15. Qxg4 d5 16. Bb3 Nc6 17. f4 d4 18.
Nxf7 Bxf7 19. e6 Qe7 20. Kf1 Be8 21. f5 Ne5 22. Qh3 Bg6 23. Bg5 Qc5 24. e7+ Rf7 25. Bxf7+ Nxf7 26. fxg6 Nxg5 27. Qg4 Qb5+ 28. Kg1 dxc3 29.
bxc3 Qc5+ 30. Kg2 Qxe7 31. Raf1 Re8 32. Qc4+ Qe6 33. Qxe6+ Nxe6 34. Rd1 Bxc3 35. Kf3 b6 36. Kg4 Kg7 37. Kf5 Nd4+ 38. Kg5 Nf3+ 39. Kf5 Re5+ 40. Kf4 Ng5 41. Rd7+ Kxg6 42. Rxc7 Rf5+ 43. Kg4 Be5 44. Rc6+ Bf6 45. Rh6+ Kxh6 46. Kxf5 Nh7 47. Rc7 Bd4 48. Rd7 Bc5 49. Ke4 Ng5+ 50. Kd5 Nf3 51. Rxa7 Nd2 52.
a4 Kg5 53. a5 bxa5 54. Kxc5 Nb3+ 55. Kc4 Nd2+ 56. Kd3 Kf4 57. Kxd2 a4 58. Kc3 a3 59. Ra6 Ke3 60. Rxa3 Ke4 61. Rb3 1-0

[Event "*** Titled Tuesday Blitz"]
[Site "Chess.com"]
[Date "2020.11.03"]
[Round "5"]
[White "queen_iryna"]
[Black "Tactictic"]
[Result "0-1"]
[WhiteElo "2260"]
[BlackElo "2399"]
[TimeControl "180+1"]
[EndTime "10:59:54 PST"]
[Termination "Tactictic won by resignation"]

1. e4 c5 2. Nf3 d6 3. Bb5+ Bd7 4. Bxd7+ Qxd7 5. c4 Nf6 6. Nc3 Nc6 7. d4 cxd4 8. Nxd4 g6 9. f3 Bg7 10. Be3 O-O 11.
O-O Rfc8 12. b3 Qd8 13. Qd2 Qa5 14. Rac1 Nd7 15. Nxc6 bxc6 16. Bd4 Bxd4+ 17. Qxd4 Qc5 18. Rfd1 a5 19. Na4 Qxd4+ 20. Rxd4 c5 21. Rd2 Rcb8 22. Nc3 Nb6 23. a4 Nc8 24. Nb5 Rb7 25. f4 Na7 26. e5 dxe5 27. fxe5 Rc8 28. Rcd1 Nc6 29. Rd5 Nb4 30.
Rd8+ Rxd8 31. Rxd8+ Kg7 32. Ra8 Nc6 33. Rc8 Rb6 34. Kf1 h5 35. Ke2 g5 36. Ke3 Nxe5 37. Rxc5 f6 38. h3 Re6 39. Kd2 Nc6 40. Nc7 Rd6+ 41.
Ke3 Ne5 42. Nd5 e6 43. Nc7 Rd3+ 44. Ke2 Rxb3 45. Nxe6+ Kf7 46. Nd8+ Ke8 47. Nc6 Nd3 48. Rxa5 Nf4+ 49. Kf1 Rb1+ 50. Kf2 Rb2+ 51. Kf1 Rxg2 52. Ra8+ Kd7 53. Nd4 Rd2 54. Ra7+ Kd6 55. Nf5+ Kc5 56.
Ne3 Rd3 57. Ra5+ Kb4 58. Rb5+ Kxa4 59. Nc2 Rc3 60. Nd4 Rxc4 61. Rf5 Rxd4 62. Rxf6 Nxh3 63. Rf5 Rf4+ 0-1

[Event "*** Titled Tuesday Blitz"]
[Site "Chess.com"]
[Date "2020.11.03"]
[Round "5"]
[White "AntonovaNadezhda"]
[Black "UmarovSabir"]
[Result "1-0"]
[WhiteElo "2128"]
[BlackElo "2314"]
[TimeControl "180+1"]
[EndTime "10:59:56 PST"]
[Termination "AntonovaNadezhda won on time"]

1. d4 g6 2. Nf3 Bg7 3. Nbd2 c5 4. c3 d5 5. e3 Nc6 6. dxc5 Nf6 7. Bb5 O-O 8. O-O a5 9. Nd4 Qc7 10. N2f3 Ne4 11. h3 e5 12. Nxc6 bxc6 13. Be2 Nxc5 14.
Bd2 e4 15. Nd4 Ba6 16. b3 Bxe2 17. Qxe2 Nd3 18. Rfd1 Rfe8 19. Be1 a4 20. Rab1 c5 21. Nc2 axb3 22. axb3 Ra2 23. Rxd3 exd3 24. Qxd3 c4 25. Qd1 cxb3 26. Rxb3 Rb8 27. Rxb8+ Qxb8 28. Nb4 Ra5 29. Nxd5 Qd6 30. c4 Ra1 31. Qe2 h5 32. g3 Qe6 33.
Kg2 Qe4+ 34. Kg1 Rc1 35. f3 Qxc4 36. Qxc4 Rxc4 37. e4 Rc2 38. Bf2 Kf8 39. Kf1 Be5 40.
g4 hxg4 41. hxg4 Kg7 42. Be1 Ra2 43. Bc3 Bxc3 44. Nxc3 Rc2 45. Ne2 Kf6 46. Kf2 Ke6 47.
Ke3 Ra2 48. Nf4+ Ke5 49. Nd3+ Kd6 50. Nf4 Ra3+ 51. Kf2 Ke5 52. Nd5 f5 53. gxf5 gxf5 54. Ke2 1-0

[Event "*** Titled Tuesday Blitz"]
[Site "Chess.com"]
[Date "2020.11.03"]
[Round "5"]
[White "Roza_Idrisova"]
[Black "TokChess"]
[Result "0-1"]
[WhiteElo "2198"]
[BlackElo "2470"]
[TimeControl "180+1"]
[EndTime "10:59:57 PST"]
[Termination "TokChess won on time"]

1. d4 d5 2. Nf3 Nf6 3. Bg5 Nbd7 4. Nbd2 e6 5. e4 dxe4 6. Nxe4 Be7 7. Ng3 h6 8. Bf4 b6 9. Bb5 Bb7 10. Ne5 O-O 11. O-O Nxe5 12. dxe5 Nd5 13. Bd2 a6 14. Bd3 Nb4 15. Be4 Bxe4 16. Nxe4 Qd5 17. Qg4 h5 18. Qf4 Nxc2 19. Rad1 Rfd8 20. Nf6+ Bxf6 21. exf6 g5 22. Qxg5+ Qxg5 23. Bxg5 Nd4 24. f3 Kh7 25. Kf2 Kg6 26.
h4 c5 27. g4 hxg4 28. fxg4 Rd5 29. Kg2 Rad8 30. Be3 Nc2 31. Rde1 Nxe3+ 32. Rxe3 Rd2+ 33. Rf2 Rxf2+ 34. Kxf2 Kxf6 35. Rf3+ Kg6 36. Ke2 Rd4 37. Rg3 f6 38. Ke3 e5 39. Rg2 a5 40. a3 a4 41.
Ke2 b5 42. Ke3 Kh6 43. Kf3 b4 44. axb4 Rxb4 45. Kg3 Rb3+ 46. Kh2 Kg6 47. Rf2 c4 48. Kg2 a3 49. bxa3 Rxa3 50. Rc2 c3 51. Kf3 Rb3 52. Ke4 Rb4+ 53. Kf3 Rf4+ 54. Kg3 Rc4 55. Kf3 Kf7 56. Kg3 Ke6 57. Kf3 Kd5 58. h5 Kd4 59. h6 Rc7 60.
g5 fxg5 61. Kg4 Kd3 62. Rc1 c2 63. Kxg5 e4 0-1

[Event "*** Titled Tuesday Blitz"]
[Site "Chess.com"]
[Date "2020.11.03"]
[Round "5"]
[White "RobertoJBM"]
[Black "shnitez"]
[Result "1-0"]
[WhiteElo "2797"]
[BlackElo "2529"]
[TimeControl "180+1"]
[EndTime "11:00:00 PST"]
[Termination "RobertoJBM won by resignation"]

1. d4 Nf6 2. c4 e6 3. Nc3 Bb4 4.
Qc2 b6 5. a3 Bxc3+ 6. Qxc3 Bb7 7. Bg5 h6 8. Bh4 g5 9. Bg3 Ne4 10. Qc2 h5 11. f3 Nxg3 12. hxg3 Qf6 13. e3 c5 14. O-O-O cxd4 15. exd4 Nc6 16. d5 Ne7 17. Kb1 Nf5 18. Qf2 O-O-O 19. Ne2 h4 20. g4 Ne7 21. Nc3 Kb8 22. d6 Nc6 23. c5 bxc5 24. Qxc5 Qe5 25. Ne4 Qxc5 26. Nxc5 Ne5 27. Bb5 Bc6 28. Bxc6 Nxc6 29. Ne4 Rhg8 30. g3 f5 31. gxf5 exf5 32. Nf6 hxg3 33. Nxg8 Rxg8 34. Kc2 f4 35. Kd2 Re8 36.
Rde1 Rxe1 37. Kxe1 Nd4 38. Kf1 Nxf3 39. Rh7 Ne5 40. Re7 Ng4 41. Kg2 Kb7 42. Rxd7+ Kc6 43. Rg7 Kxd6 44. Rxg5 Ne3+ 45. Kf3 Nd1 46. b4 Nc3 47.
Kxf4 Nb1 48. Rxg3 Kc6 49. Rb3 Nd2 50. Rd3 Nc4 51. Ke4 Kb5 52. Kd4 Nb6 53. Kc3 Na4+ 54. Kb3 Nb6 55. Rd4 a5 56. a4+ Nxa4 57. Rd5+ Kc6 58.
Rxa5 Nb6 59. Rc5+ Kb7 60. Rh5 Nd7 61. b5 Kb6 62. Kb4 Nb8 63. Rh6+ Kb7 64. Rh7+ Kb6 65. Re7 Na6+ 66. bxa6 1-0

[Event "*** Titled Tuesday Blitz"]
[Site "Chess.com"]
[Date "2020.11.03"]
[Round "5"]
[White "dopolian"]
[Black "Deepweb2020"]
[Result "0-1"]
[WhiteElo "2352"]
[BlackElo "2255"]
[TimeControl "180+1"]
[EndTime "11:00:00 PST"]
[Termination "Deepweb2020 won by resignation"]

1. c4 Nf6 2. b3 e6 3. Bb2 b6 4. Nf3 Bb7 5. d4 Bb4+ 6. Nbd2 O-O 7. a3 Be7 8. Qc2 c5 9. e3 d5 10. Bd3 Nc6 11. O-O cxd4 12. Nxd4 Rc8 13. Nxc6 Bxc6 14. Rad1 dxc4 15. Nxc4 Qe8 16. Qb1 h6 17. Be5 Rd8 18.
Bc2 Rxd1 19. Rxd1 Qa8 20. f3 Rd8 21. e4 Qb7 22. Rxd8+ Bxd8 23. Qd1 Be7 24. b4 a5 25. Bd6 Bd8 26. Ne5 Be8 27. Ba4 Bxa4 28. Qxa4 b5 29. Qc2 axb4 30. axb4 Nd7 31. Nxd7 Qxd7 32. Qc5 Qb7 33. Qd4 f6 34. Bc5 Qc7 35. g3 Kf7 36. Kg2 Be7 37. Qc3 Qd7 38. Bxe7 Kxe7 39. Qc5+ Kf7 40. Qb6 Qd2+ 41. Kh3 Qxb4 42. Qc7+ Qe7 43. Qc6 b4 44. Qb6 e5 45. Qb5 Qe6+ 46. Kg2 Qe7 47.
Qb6 g6 48. Qb5 Kg7 49. Qb6 Kf7 50. h4 Kg7 51. h5 gxh5 52. Kh3 Kf7 53. Kh4 f5+ 54.
Kh3 fxe4 55. fxe4 Qe6+ 0-1

[Event "*** Titled Tuesday Blitz"]
[Site "Chess.com"]
[Date "2020.11.03"]
[Round "5"]
[White "Harsha_Bharathakoti"]
[Black "AldokhinIvan"]
[Result "1/2-1/2"]
[WhiteElo "2803"]
[BlackElo "2593"]
[TimeControl "180+1"]
[EndTime "11:00:02 PST"]
[Termination "Game drawn by repetition"]

1. c4 Nf6 2. Nc3 g6 3. e4 d6 4. d4 Bg7 5. Be2 O-O 6. Bg5 Nc6 7.
Nf3 Re8 8. d5 Nb4 9. O-O h6 10.
Bh4 e6 11. Nd2 a5 12. a3 Na6 13. Qc2 exd5 14. cxd5 g5 15. Bg3 Nc5 16. Rfe1 a4 17. Rad1 Bd7 18. f3 Nh5 19. Bf2 Nf4 20. Bf1 Qf6 21.
Nc4 Qg6 22. Ne3 g4 23. fxg4 Bxg4 24. Nxg4 Qxg4 25. Kh1 Be5 26. g3 Ng6 27. Be2 Qg5 28. Bf3 Kg7 29. Be3 Qe7 30. Re2 h5 31. Bxh5 Rh8 32. Bxg6 fxg6 33. Kg1 Raf8 34. Rf2 Rxf2 35. Qxf2 Rf8 36. Qe2 Bxc3 37. Bxc5 Be5 38. Be3 Qf6 39. Bc1 g5 40. Rf1 Bd4+ 41. Kg2 Qxf1+ 42.
Qxf1 Rxf1 43. Kxf1 g4 44. Kg2 Kg6 45. h3 Kh5 46. Kh2 Be5 47. Kg2 Bd4 48. h4 c5 49. dxc6 bxc6 50. Kf1 Be5 51. Kf2 Bd4+ 52. Ke2 Be5 53. Kf2 Bd4+ 54. Kg2 Be5 55. Kh2 Bd4 56. Kg2 Be5 57. Kf2 1/2-1/2

[Event "*** Titled Tuesday Blitz"]
[Site "Chess.com"]
[Date "2020.11.03"]
[Round "5"]
[White "hansen"]
[Black "Promacherr"]
[Result "0-1"]
[WhiteElo "2936"]
[BlackElo "2710"]
[TimeControl "180+1"]
[EndTime "11:00:04 PST"]
[Termination "Promacherr won by resignation"]

1. e4 e6 2. d4 d5 3. Nd2 c5 4. Ngf3 cxd4 5. exd5 Qxd5 6. Bc4 Qd6 7. O-O Nf6 8. Nb3 Nc6 9. Nbxd4 Nxd4 10. Qxd4 Qxd4 11. Nxd4 Bd7 12. Rd1 Rc8 13. b3 Bb4 14. Bb2 O-O 15.
a4 Rfd8 16. Nb5 Bc5 17. Nd6 Rb8 18. Be5 Bxf2+ 19. Kxf2 Ng4+ 20. Kg3 Nxe5 21. Kf4 Nxc4 22. Nxc4 f6 23. Rd6 e5+ 24. Ke3 Bc6 25. g4 Kf8 26.
Rad1 Ke7 27. h4 h6 28. h5 Rxd6 29. Nxd6 Bd7 30. Nf5+ Bxf5 31. gxf5 Rd8 32. Rg1 Kf7 33. Rg4 Rc8 34. Kd3 b6 35. b4 Rd8+ 36. Ke3 Rc8 37. c4 Rd8 38. c5 bxc5 39. bxc5 Rc8 40. Rc4 Ke7 41. Ke4 Rd8 42. Rb4 Kd7 43. Kd5 Kc7+ 44. Ke6 Rd4 45. Rb3 Rxa4 46. Rg3 Rh4 47. Rxg7+ Kc6 48.
Kxf6 Rxh5 49. Rxa7 e4 50. Re7 Rh4 51. Kg6 Kxc5 52.
f6 Rf4 53. f7 Kd4 54. Kg7 h5 55. f8=Q Rxf8 56. Kxf8 e3 57. Kg7 h4 58. Kf6 h3 59.
Kf5 h2 60. Rh7 e2 61. Rh4+ Kd5 62. Rxh2 e1=Q 63. Rh5 Qe4+ 64. Kf6+ Kd6 65. Rh6 Qf4+ 66. Kg7+ Ke7 67. Rh5 Qg4+ 68. Kh6 Kf7 0-1

[Event "*** Titled Tuesday Blitz"]
[Site "Chess.com"]
[Date "2020.11.03"]
[Round "5"]
[White "Gerodot71"]
[Black "Mazetovic"]
[Result "0-1"]
[WhiteElo "2498"]
[BlackElo "2757"]
[TimeControl "180+1"]
[EndTime "11:00:06 PST"]
[Termination "Mazetovic won by resignation"]

1. d4 Nf6 2. c4 g6 3. Nc3 Bg7 4. e4 d6 5. Be2 Na6 6. Be3 O-O 7. h4 h5 8. f3 c5 9. Qd2 cxd4 10. Bxd4 Be6 11.
Nh3 Bxh3 12. Rxh3 Nc5 13. Rh1 Ne6 14. Be3 Qa5 15. Nd5 Qxd2+ 16. Kxd2 Nxd5 17. cxd5 Nc5 18. Rab1 a5 19. Rhc1 Rfc8 20. Rc2 Bf6 21. g3 Na4 22.
Rxc8+ Rxc8 23. b3 Bc3+ 24. Kd3 Nb2+ 25. Kc2 Bd4+ 26. Kd2 Bxe3+ 27. Kxe3 Rc2 28. a4 Kf8 29. Bb5 e6 30. Kd4 Ke7 31. f4 exd5 32. exd5 Kf6 33. Ke4 Ke7 34. f5 Kf6 35. fxg6 fxg6 36. Rf1+ Ke7 37. Kd4 Rg2 38. Kc3 Nxa4+ 39. bxa4 Rxg3+ 40. Kd2 Rg4 41. Rh1 Kf6 42. Ke3 Ke5 43. Be2 Rxa4 44. Rb1 Rxh4 45. Bf3 Rb4 46. Rg1 Rb3+ 47. Ke2 Kf4 48. Bh1 Rg3 49. Rf1+ Ke5 50. Rf7 g5 51. Rxb7 a4 52. Rh7 h4 53. Bf3 a3 54. Ra7 g4 55. Bh1 h3 56. Kf2 Rc3 57. Re7+ Kf5 58. Rf7+ Kg6 59. Rf4 g3+ 60. Ke1 g2 61. Bxg2 hxg2 62.
Rg4+ Kf5 63. Rxg2 Rc1+ 64. Kd2 a2 65. Kxc1 a1=Q+ 66. Kd2 Qa2+ 0-1

[Event "*** Titled Tuesday Blitz"]
[Site "Chess.com"]
[Date "2020.11.03"]
[Round "5"]
[White "lolo9292"]
[Black "BilodeauA"]
[Result "1-0"]
[WhiteElo "2486"]
[BlackElo "2873"]
[TimeControl "180+1"]
[EndTime "11:00:07 PST"]
[Termination "lolo9292 won by resignation"]

1. Nf3 d5 2. b3 c5 3. Bb2 f6 4. e4 dxe4 5. Nh4 g6 6. Nc3 e5 7.
Bb5+ Bd7 8. Bxd7+ Nxd7 9. Nxe4 Nh6 10. Nf3 Nf7 11. Qe2 Bg7 12. h4 Qe7 13. O-O-O O-O-O 14. Kb1 Rhe8 15. Nc3 f5 16. Ng5 h6 17. Nd5 Qf8 18.
Nxf7 Qxf7 19. Qc4 Kb8 20. h5 g5 21. Ne3 Qf8 22. a4 f4 23. Nd5 e4 24. Nc3 Nb6 25. Qb5 Re6 26. a5 a6 27. Qe2 Nd7 28. Rhe1 Rde8 29.
Qc4 Bd4 30. f3 Ne5 31. Qd5 exf3 32. gxf3 Rd6 33. Qe4 Ree6 34. Na4 Nc4 35. Qxe6 Rxe6 36. Rxe6 Qf7 37. Re4 Nxb2 38. Nxb2 Qxh5 39. c3 Bf6 40. Re6 Qf7 41. Rde1 h5 42. Nc4 g4 43. fxg4 f3 44.
Nd6 Qxe6 45. Rxe6 Bg5 46. Re5 hxg4 47. Ne4 Bf4 48. Rf5 Bh2 49. Rf8+ Kc7 50. Rf7+ Kc6 51.
c4 g3 52. Nxg3 Bxg3 53. Rxf3 Bc7 54. Rf6+ Kd7 55. Rf7+ Kc6 56. Rf3 Bxa5 57. Kc2 Bc7 58. Kd3 Be5 59. Ke4 Bb2 60. Rh3 Bd4 61. Rh6+ Kc7 62.
Kd5 Bg1 63. Rh7+ Kb6 64. Rd7 Bf2 65. d3 Bg1 66. Re7 Bd4 67. Rf7 Be3 68. Re7 Bd4 69. b4 Bg1 70. bxc5+ Bxc5 71. Re6+ 1-0

[Event "*** Titled Tuesday Blitz"]
[Site "Chess.com"]
[Date "2020.11.03"]
[Round "5"]
[White "redbaron8888"]
[Black "sergiochess83"]
[Result "1-0"]
[WhiteElo "2551"]
[BlackElo "2768"]
[TimeControl "180+1"]
[EndTime "11:00:07 PST"]
[Termination "redbaron8888 won by resignation"]

1. d4 Nf6 2. Bg5 d5 3. Nd2 c5 4.
dxc5 e6 5. e4 Bxc5 6. Bd3 Nc6 7.
Ngf3 h6 8. Bh4 g5 9. Bg3 h5 10. Nxg5 h4 11. Bf4 e5 12. Nb3 exf4 13. Nxc5 Qa5+ 14. Qd2 Qxc5 15. Qxf4 Qb4+ 16. c3 Qxb2 17. O-O Qxc3 18. exd5 Ne7 19. Bb5+ Kf8 20. Rfc1 Qxa1 21. Rxa1 Nexd5 22. Qd6+ Kg7 23. Bc4 Bf5 24. Qe5 Kg6 25. Nxf7 Rae8 26. Qd4 Kxf7 27. Bxd5+ Kg6 28. Bxb7 Re7 29.
Bf3 h3 30. g4 Be4 31. Re1 Rhe8 32. Bxe4+ Rxe4 33. Rxe4 Rxe4 34. Qd2 Rxg4+ 35. Kf1 Rg5 36.
f3 Rg2 37. Qd3+ Kg5 38. Qb5+ Kf4 39. Qc4+ Kf5 40. Qc5+ Kg6 41. Qxa7 Rxh2 42. Qc7 Rxa2 43. Qg3+ Kf7 44. Qxh3 Kg6 45. Qg3+ Kf7 46. Qe5 Kg6 47. Qc5 Ra1+ 48. Ke2 Ra2+ 49. Ke3 Ra1 50. Qc2+ Kf7 51. Qb3+ Kg6 52. Qc2+ Kf7 53. Qb2 Re1+ 54. Kf2 Re7 55. Qb3+ Kg6 56. Qb5 Rd7 57. f4 Rd5 58. Qb1+ Kf7 59.
Qb3 Kg6 60. Qg3+ Kf7 61. Qb3 Kg6 62. Kf3 Kf7 63. Qb7+ Kg6 64. Qb1+ Kf7 65. f5 Re5 66. Qb7+ Re7 67. Qb3+ Kg7 68. Kf4 Rd7 69. Qg3+ Kf7 70. Qg6+ Ke7 71. Qg7+ 1-0

[Event "*** Titled Tuesday Blitz"]
[Site "Chess.com"]
[Date "2020.11.03"]
[Round "5"]
[White "Mikasinski"]
[Black "DrVelja"]
[Result "1/2-1/2"]
[WhiteElo "2466"]
[BlackElo "2752"]
[TimeControl "180+1"]
[EndTime "11:00:08 PST"]
[Termination "Game drawn by stalemate"]

1. e4 c6 2. d4 d5 3. e5 c5 4.
dxc5 e6 5. Nf3 Bxc5 6. Bd3 Ne7 7.
O-O Nbc6 8. Nbd2 Qc7 9. Nb3 Bb6 10. Re1 Nb4 11. Be3 Nxd3 12. Bxb6 Qxb6 13. Qxd3 Bd7 14. Nbd4 Rc8 15. c3 h6 16. b4 Qc7 17. Rac1 O-O 18.
Nd2 a5 19. a3 axb4 20. axb4 Qb6 21. Ra1 Ra8 22. N2b3 Ng6 23. Nc5 Bc6 24. Rxa8 Rxa8 25. Ndxe6 Nxe5 26. Qg3 Ng6 27. Nd4 Qd8 28. b5 Bxb5 29.
Nxb5 Qb6 30. Nc7 Rc8 31. Nxd5 Qxc5 32. Qd3 Kh8 33. Rd1 Rd8 34. Qd4 Qc6 35. c4 b5 36.
h3 Qxc4 37. Qxc4 bxc4 38. Nc3 Rxd1+ 39. Nxd1 Kg8 40. Kf1 Kf8 41. Ke2 Ke7 42. Ne3 c3 43. Nd5+ Kd6 44. Nxc3 Ke5 45. Ke3 Nh4 46. g3 Nf5+ 47.
Kf3 Nd4+ 48. Kg2 g5 49. Nd1 f5 50. Ne3 Ke4 51. Nc4 f4 52. gxf4 Kxf4 53. Ne3 Ne2 54.
Nd5+ Ke5 55. Ne3 Nf4+ 56. Kg3 Kf6 57. Ng4+ Kg6 58. h4 Ne2+ 59. Kf3 Nd4+ 60. Ke4 h5 61. Ne5+ Kf6 62. hxg5+ Kxg5 63. Kxd4 Kf4 64. Nd3+ Kf3 65. Ke5 h4 66. Kd4 h3 67. Ne5+ Kf4 68. Nd3+ Kf5 69.
f3 h2 70. Nf2 Kf4 71. Nh1 Kxf3 72. Kd3 Kg2 73. Ke2 Kxh1 74. Kf2 1/2-1/2

[Event "*** Titled Tuesday Blitz"]
[Site "Chess.com"]
[Date "2020.11.03"]
[Round "5"]
[White "monalize"]
[Black "Fischerev7"]
[Result "0-1"]
[WhiteElo "2262"]
[BlackElo "2414"]
[TimeControl "180+1"]
[EndTime "11:00:09 PST"]
[Termination "Fischerev7 won on time"]

1. e4 c5 2. Nf3 d6 3. d4 cxd4 4. Qxd4 Nc6 5. Qe3 g6 6. Be2 Bh6 7. Qc3 e5 8. Bxh6 Nxh6 9. O-O O-O 10. Rd1 Qe7 11. Qa3 Rd8 12. Nc3 Bg4 13. Nd5 Qf8 14.
c3 Be6 15. Nc7 Rac8 16. Nxe6 fxe6 17. Qb3 Qe7 18. a4 Kh8 19. a5 Ng8 20. Rd2 Nf6 21. Qc2 d5 22. Bd3 d4 23. Qa4 dxc3 24. bxc3 Qc5 25.
a6 b6 26. Rad1 Nh5 27. g3 Rf8 28. Ng5 Qe7 29. h4 Qf6 30. Bb5 Ne7 31. Qb4 Rc5 32.
Bd7 Nc6 33. Qb2 Nd8 34. Qa2 h6 35. Nxe6 Nxe6 36. Qxe6 Rxc3 37. Qxf6+ Nxf6 38. Rd6 Nxe4 39. Rxg6 Nxf2 40. Rf1 Rcf3 41. Kg2 Kh7 42. Re6 R3f7 43. Bc6 Ng4 44. Rxf7+ Rxf7 45. Be4+ Kg7 46. Rg6+ Kf8 47.
Rxg4 Rc7 48. Rg6 h5 49. Rh6 Rc4 50. Bb7 b5 51. Rxh5 b4 52. Rxe5 b3 53. Rb5 Rc2+ 54. Kh3 b2 55. h5 Kg7 56. Kh4 Kh6 57. Kg4 Rc4+ 58. Kf3 Rc3+ 59. Kf2 Rc2+ 60. Ke3 Kg7 0-1

[Event "*** Titled Tuesday Blitz"]
[Site "Chess.com"]
[Date "2020.11.03"]
[Round "5"]
[White "VitaliyBernadskiy"]
[Black "Chopper1905"]
[Result "0-1"]
[WhiteElo "2756"]
[BlackElo "2925"]
[TimeControl "180+1"]
[EndTime "11:00:10 PST"]
[Termination "Chopper1905 won on time"]

1. e4 e5 2. Nf3 Nc6 3. Bb5 a6 4. Ba4 Nf6 5. d3 b5 6. Bb3 Bc5 7. O-O h6 8. Nc3 d6 9. a3 O-O 10. Nd5 Be6 11. Be3 Ba7 12. c4 Na5 13. cxb5 axb5 14.
Ba2 c5 15. b4 Nc6 16. Rc1 Nd4 17. Nxf6+ Qxf6 18. Bxe6 fxe6 19. Bxd4 exd4 20. e5 dxe5 21. bxc5 e4 22. dxe4 e5 23. Qb3+ Kh7 24. Ne1 Qg6 25. f3 Bb8 26. Nd3 Qa6 27. Rb1 Bc7 28. Qxb5 Qxb5 29. Rxb5 Rxa3 30. Rd1 Ra2 31. Rb7 Bd8 32.
Nxe5 Bg5 33. Nd3 Be3+ 34. Kh1 Rc2 35. h4 Ra8 36. Re7 Raa2 37. Ne1 Rf2 38. Kh2 Rf1 39.
Kg3 Bf2+ 40. Kf4 Rxe1 41. Rxe1 Bxe1 42. Rd7 Rc2 43. Rxd4 Rxc5 44. Kg4 h5+ 45. Kh3 Rc1 46. g3 Bf2 47. Rd2 Be3 48. Re2 Bd4 49. f4 Rg1 50. Rd2 Be3 51. Re2 Bd4 52. Rd2 Bc3 53. Re2 Kg6 54.
Re3 Bd4 55. Rd3 Bf6 56. Re3 Kf7 57. Rd3 Ke6 58. Rb3 Re1 59. Rb6+ Kf7 60. e5 Be7 61. Kg2 Rc1 62. Kf3 Rc3+ 0-1

[Event "*** Titled Tuesday Blitz"]
[Site "Chess.com"]
[Date "2020.11.03"]
[Round "5"]
[White "Jenia84"]
[Black "Slovak_fighter2000"]
[Result "1-0"]
[WhiteElo "2311"]
[BlackElo "2482"]
[TimeControl "180+1"]
[EndTime "11:00:10 PST"]
[Termination "Jenia84 won on time"]

1. Nf3 d5 2. b3 Nf6 3. Bb2 g6 4. e3 Bg7 5. Be2 O-O 6. O-O c6 7. h3 a5 8. d3 a4 9. Nbd2 axb3 10. axb3 Rxa1 11. Qxa1 Na6 12. Ne5 Qc7 13. f4 Nd7 14. Ndf3 Nxe5 15. Bxe5 Bxe5 16. Nxe5 f6 17. Nf3 Be6 18.
Nd4 Bf7 19. Bg4 Qb6 20. Kh2 Nc7 21. Qe1 Ra8 22. f5 Kg7 23. Qg3 c5 24. Nf3 Qd6 25. fxg6 Qxg3+ 26. Kxg3 hxg6 27. Ne1 Ra1 28. Kf2 f5 29.
Bf3 e5 30. g4 Kf6 31. Ke2 b6 32. gxf5 gxf5 33. Bg4 Bg6 34. Bxf5 Bxf5 35. e4 Nb5 36. Rxf5+ Ke6 37. Nf3 dxe4 38. dxe4 Nd4+ 39. Nxd4+ exd4 40. Rf1 Ra2 41. Kd3 Ra8 42. h4 Rh8 43. Rh1 Rh6 44.
h5 Ke5 45. Rh4 b5 46. Rh3 Kd6 47. b4 Kc6 48. bxc5 Kxc5 49. Rh4 b4 50. e5 Kd5 51.
Rxd4+ Kxe5 52. Rxb4 Kd5 53. Rh4 Ke5 54. c4 Kf5 55. c5 Kg5 56. Rh1 Rc6 57. Kc4 Kh6 58. Kd5 Rc8 59. c6 Rd8+ 60. Kc5 Rd2 61. c7 Rc2+ 62. Kd6 Rd2+ 63. Ke7 Re2+ 64. Kd8 Rd2+ 65. Kc8 Rd3 66. Rh4 Rd2 67. Rc4 Kxh5 68. Kb7 Rb2+ 69.
Kc6 1-0

[Event "*** Titled Tuesday Blitz"]
[Site "Chess.com"]
[Date "2020.11.03"]
[Round "5"]
[White "ViktoriyaTarasova"]
[Black "pedroholly22"]
[Result "0-1"]
[WhiteElo "2251"]
[BlackElo "2373"]
[TimeControl "180+1"]
[EndTime "11:00:10 PST"]
[Termination "pedroholly22 won by resignation"]

1. d4 e6 2. c4 d5 3. Nc3 Nf6 4. cxd5 Nxd5 5. e4 Nxc3 6. bxc3 c5 7. Rb1 cxd4 8. cxd4 Be7 9. Nf3 O-O 10. Bc4 Nc6 11.
O-O b6 12. Be3 Bb7 13. Qe2 Rc8 14. Rfd1 Na5 15. Bd3 Bf6 16. d5 exd5 17. exd5 Bxd5 18.
Bf5 Rb8 19. Qb5 Bc6 20. Rxd8 Rbxd8 21. Qb4 g6 22. Bc2 Rfe8 23. h3 Rd5 24. Rd1 Rb5 25. Qe1 Nc4 26. Ba4 Rc5 27. Bxc6 Rxc6 28. Rc1 Rec8 29. Bf4 Bb2 30. Rb1 Bg7 31. Rd1 Nb2 32.
Rb1 Nd3 33. Qe4 Nc5 34. Qd5 Ne6 35. Bg3 Rc5 36. Qd1 b5 37. Kh2 a5 38. h4 b4 39. Ng5 Nxg5 40. hxg5 Rxg5 41. Kg1 Rgc5 42. Qf3 R5c6 43. Qe4 h5 44. Qf3 Rc4 45. Rd1 h4 46. Bh2 Rc3 47. Qe2 Rc2 48. Qa6 a4 49. Qxa4 R2c4 50.
Qb3 Bf8 51. Re1 Bg7 52. Qa4 Bc3 53. Re8+ Rxe8 54. Qxe8+ Kg7 55. Qe4 Rxe4 56. f3 Re1+ 57. Kf2 Ra1 58. Ke2 Rxa2+ 59. Kd3 Rxg2 60. Bf4 Bf6 61.
Be3 h3 62. Bf4 h2 63. Bxh2 Rxh2 64. Kc4 Rh3 65. Kb3 Rxf3+ 66. Kc4 g5 67. Kd5 g4 68.
Kc6 b3 69. Kd7 b2 0-1

[Event "*** Titled Tuesday Blitz"]
[Site "Chess.com"]
[Date "2020.11.03"]
[Round "5"]
[White "PavlovDanila"]
[Black "Misticpikachu"]
[Result "1-0"]
[WhiteElo "2677"]
[BlackElo "2493"]
[TimeControl "180+1"]
[EndTime "11:00:12 PST"]
[Termination "PavlovDanila won by checkmate"]

1. e4 c5 2. Nf3 Nc6 3. d4 cxd4 4. Nxd4 Nf6 5. Nc3 e6 6. Ndb5 Bb4 7. a3 Bxc3+ 8.
Nxc3 d5 9. exd5 exd5 10. Bd3 O-O 11. O-O d4 12. Ne2 Bg4 13. f3 Bh5 14. Nf4 Bg6 15.
Nxg6 hxg6 16. Bg5 Qb6 17. b4 Nd5 18. Qd2 Ne3 19. Rfe1 Rfe8 20. Re2 Ne5 21. Rae1 Rac8 22. Kh1 N5c4 23. Bxc4 Rxc4 24. Bxe3 dxe3 25. Qd3 Rd4 26. Rxe3 Rxe3 27. Qxe3 Qd6 28. h3 a6 29. Qe8+ Kh7 30. Qxf7 Qg3 31. Rg1 b5 32. Qe6 Rd6 33. Qg4 Qxg4 34.
hxg4 Rc6 35. Rc1 Rc3 36. Kh2 Rxa3 37. c3 g5 38. Kh3 Kg6 39. g3 Ra2 40. f4 Rf2 41.
f5+ Kf6 42. Ra1 Rc2 43. Rxa6+ Kf7 44. Rc6 Rc1 45. Rc5 Kf6 46. Kg2 Rc2+ 47. Kf3 Rc1 48. Ke3 Rg1 49. Kf2 Rc1 50. Ke2 Rc2+ 51. Kf3 Rc1 52.
Ke4 Re1+ 53. Kd5 Rd1+ 54. Kc6 Rg1 55. Kxb5 Rxg3 56. Rc6+ Kf7 57. c4 Rxg4 58. Rc7+ Kf6 59. c5 Rf4 60. c6 g4 61. Rc8 g3 62. Rf8+ Ke7 63. c7 Kxf8 64. c8=Q+ Kf7 65. Qc7+ Kg8 66. Qxf4 g2 67. Qg3 g1=Q 68. Qxg1 Kh8 69. Qg6 Kg8 70.
f6 Kh8 71. Qxg7# 1-0

[Event "*** Titled Tuesday Blitz"]
[Site "Chess.com"]
[Date "2020.11.03"]
[Round "5"]
[White "XDPS"]
[Black "TigrVShlyape"]
[Result "1-0"]
[WhiteElo "2676"]
[BlackElo "2884"]
[TimeControl "180+1"]
[EndTime "11:00:13 PST"]
[Termination "XDPS won on time"]

1. e4 c5 2. Nf3 e6 3. d4 cxd4 4. Nxd4 a6 5. Be2 b6 6. O-O Bb7 7. Nc3 Qc7 8. f4 Nc6 9. Be3 Bc5 10. Kh1 Nge7 11. Ndb5 axb5 12. Nxb5 Qb8 13. Bxc5 bxc5 14.
Nd6+ Kf8 15. f5 f6 16. c3 Ne5 17. Qd2 h5 18. Rad1 Ba6 19. fxe6 dxe6 20. Qg5 Nd7 21. Bxa6 Rxa6 22. e5 f5 23. Nxf5 exf5 24. Rxd7 Qe8 25. Rd6 Rh6 26. Rd2 Kg8 27. Rdf2 Kh7 28. Qf4 Rxa2 29. h3 h4 30. Qc4 Qa4 31. Qf7 Qa7 32. e6 Ra1 33. Rxa1 Qxa1+ 34. Kh2 Qe1 35. Rf3 Qxe6 36.
Qe8 Qe5+ 37. Kg1 Nc6 38. Qd7 Rd6 39. Qxf5+ Qxf5 40. Rxf5 Rd2 41. Rxc5 Ne7 42. Rh5+ Kg6 43. Rxh4 Rxb2 44. Rg4+ Kf6 45. Rd4 Rc2 46. Rc4 Nf5 47. Rc6+ Ke5 48. Rc5+ Kf4 49. Rc4+ Kg5 50. Rc5 Kg6 51.
Rc6+ Kh7 52. Rc4 Ne3 53. Rh4+ Kg8 54. g4 Rxc3 55. Rh5 Rc2 56. Re5 Nc4 57. Re8+ Kf7 58. Re4 Nd6 59. Rf4+ Ke6 60. Ra4 Ke5 61. Ra3 Ne4 62.
Ra7 g5 63. Rf7 Kd4 64. Rf3 Rc3 65. Rxc3 Kxc3 66. Kh2 1-0